 Dungeon Sprint DCSS version 0.18-a0-1805-g8ab820f (webtiles) character file.

6455 Kidiri the Covert (level 10, -29/55 HPs)
             Began as a Spriggan Enchanter on Apr 25, 2016.
             Was a Believer of Dithmenos.
             Killed from afar by a hellephant (63 damage)
             ... with a blast of flame
             ... in the Dungeon (Sprint II: "The Violet Keep of Menkaure").
             The game lasted 00:15:31 (1779 turns).

Kidiri the Covert (Spriggan Enchanter)              Turns: 1779, Time: 00:15:32

Health: -29/55     AC:  5    Str:  4    XL:     10   Next: 67%
Magic:  10/26      EV: 30    Int: 19    God:    Dithmenos [**....]
Gold:   482        SH:  9    Dex: 18    Spells: 7 memorised, 9 levels left

rFire  . . .     SeeInvis +     k - +0 short sword (venom)
rCold  + . .     Gourm    .     i - +1 robe {rC+}
rNeg   . . .     Faith    .     q - +0 buckler
rPois  .         Spirit   .     (helmet restricted)
rElec  .         Dismiss  .     f - +1 cloak
rCorr  .         Reflect  +     (gloves unavailable)
SustAt .         Harm     .     (boots unavailable)
MR     +....     NoTele   +     g - +2 amulet of reflection
Stlth  +++++++++.               (no ring)
                                w - ring of wizardry

@: flying, wreathed by umbra, very quick, somewhat resistant to hostile
enchantments, incredibly stealthy
A: unfitting armour, see invisible, deterioration 2, herbivore 3, speed 3, slow
metabolism 2
a: Shadow Step, Renounce Religion


You were in the Dungeon.
You worshipped Dithmenos.
Dithmenos was pleased with you.
You were not hungry.

You visited 1 branch You collected 1416 gold pieces.
You spent 934 gold pieces at shops.

Inventory:

Hand Weapons
 a - a +1 dagger
 k - a +0 short sword of venom (weapon)
Missiles
 z - a throwing net (quivered)
Armour
 f - a +1 cloak (worn)
 i - a +1 robe of cold resistance (worn)
 q - a +0 buckler (worn)
Jewellery
 g - a +2 amulet of reflection (around neck)
 w - a ring of wizardry (left hand)
Scrolls
 h - a scroll of remove curse
 j - a scroll of blinking
 o - a scroll of fog
 s - a scroll of amnesia {unknown}
 x - a scroll of immolation {unknown}
 y - a scroll of enchant weapon {unknown}
Potions
 b - 3 potions of magic
 l - 4 potions of resistance
 n - 2 potions of mutation {unknown}
 p - 2 potions of agility {unknown}
 u - a potion of flight
 v - 3 potions of degeneration {unknown}
Books
 c - a book of Maledictions

   Spells                             Type                      Level
   a - Corona                         Hexes                        1
   b - Ensorcelled Hibernation        Hexes/Ice                    2
   c - Confuse                        Hexes                        3
   d - Tukima's Dance                 Hexes                        3
   e - Dazzling Spray                 Conjuration/Hexes            3
 e - a book of Power

   Spells                             Type                      Level
   a - Fulminant Prism                Conjuration/Hexes            4
   b - Iskenderun's Mystic Blast      Conjuration                  4
   c - Venom Bolt                     Conjuration/Poison           5
   d - Bolt of Magma                  Conjuration/Fire/Earth       5
   e - Iron Shot                      Conjuration/Earth            6
   f - Orb of Destruction             Conjuration                  7
   g - Spellforged Servitor           Conjuration/Summoning        7
Comestibles
 d - 2 bread rations
 r - 3 fruits


   Skills:
 + Level 7.5 Fighting
 * Level 10.6 Short Blades
 + Level 5.1 Armour
 * Level 13.7 Dodging
 * Level 14.8 Stealth
 + Level 2.6 Shields
 * Level 11.8 Spellcasting
 + Level 4.2 Conjurations
 + Level 9.2 Hexes
 + Level 4.6 Ice Magic
 + Level 3.5 Earth Magic
 + Level 4.3 Poison Magic
 - Level 2.5 Invocations


You had 9 spell levels left.
You knew the following spells:

 Your Spells              Type           Power        Failure   Level  Hunger
a - Corona                Hex            #####..      1%          1    None
b - Ensorcelled Hibernat  Hex/Ice        #####.       1%          2    None
c - Confuse               Hex            #####...     1%          3    None
d - Tukima's Dance        Hex            #####...     1%          3    None
e - Dazzling Spray        Conj/Hex       #####...     1%          3    None
f - Venom Bolt            Conj/Pois      ####......   19%         5    ####...
g - Iron Shot             Conj/Erth      ####......   94%         6    ######.


Dungeon Overview and Level Annotations

Branches:
Dungeon (1/1)

Altars:
Cheibriados
Dithmenos
Elyvilon
Fedhas
Gozag
Kikubaaqudgha
Makhleb
Nemelex Xobeh
Okawaru
Pakellas
Qazlal
Ru
Sif Muna
Trog
Vehumet
Xom
Yredelemnul
Zin
The Shining One
Beogh
Jiyva
Lugonu

Shops:
D *?:}==%:[[(:%!:!

Annotations:
D exclusions: ice statue and oklob plant


Innate Abilities, Weirdness & Mutations

You are tiny and cannot use many weapons and most armour.
You have supernaturally acute eyesight.
You are a herbivore.
You cover ground extremely quickly.
You need consume almost no food.
Your body often deteriorates upon taking damage.


Message History

You hit the red draconian shifter but do no damage.
The red draconian shifter is moderately wounded.
The red draconian shifter points at you and mumbles some strange words.
You blink.
Unknown command.
Wield which item (- for none, * to show all)? (? for menu, Esc to quit)
It begins to drip with poison!
k - a +0 short sword of venom (weapon)
Unknown command.
Casting: Dazzling Spray
Confirm with . or Enter, or press ? or * to list all spells.
Aiming: Dazzling Spray
Press: ? - help, Shift-Dir - straight line, p - red draconian shifter The spray of energy hits the hellephant.
The hellephant is lightly wounded.
The spray of energy misses the red draconian shifter.
The hellephant breathes flames at you. The blast of flame hits you!
Ouch! That really hurt!
You die...

+.§.▓0..▓
#§.§▓▓▓▓▓▓▓▓▓▓
#§§.▓≈≈≈≈§≈≈≈▓▓
#)|▓▓▓▓▓▓▓▓▓▓▓▓+▓▓
k#||▓...(..)(▓▓.(.▓
k#|=▓(....)..▓▓.⌠.▓
#.#§)▓[.[)....▓▓Y..▓
.####▓....).%)▓▓$..▓
.##.#▓[.)....[▓▓@$q▓
.#%.#▓.([.(.(.▓▓..)▓
.#.)#▓....(%(%▓▓.⌠.▓
.##.#▓....(..(▓▓(..▓
...##▓▓▓▓▓▓▓+▓▓▓▓'▓▓
≈≈≈≈≈≈≈≈≈≈≈%...≈≈≈▓
#+########+###.≈≈≈▓
#(...._._#≈§≈##≈≈≈▓
#...._._.#≈≈§≈####▓▓


You could see a hellephant and a red draconian shifter.

Vanquished Creatures
  A kraken (D)
  Sonja (D)
  A giant orange brain (D)
  2 deep trolls (D)
  A yaktaur (D)
  3 polar bears (D)
  A boulder beetle (D)
  4 neqoxecs (D)
  2 hippogriffs (D)
  4 necrophages (D)
  A wasp (D)
  4 crocodiles (D)
  A scorpion (D)
  A tentacle (D)
27 creatures vanquished.

Vanquished Creatures (others)
  A boulder beetle (D)
  Menkaure (D)
  A crocodile (D)
  7 tentacles (D)
  420 tentacle segments (D)
430 creatures vanquished.

Grand Total: 457 creatures vanquished

Notes
Turn   | Place    | Note
--------------------------------------------------------------
     0 | D        | Kidiri the Spriggan Enchanter began the quest for the Orb.
     0 | D        | Reached XP level 1. HP: 9/9 MP: 5/5
     1 | D        | Noticed a hippogriff
     1 | D        | Noticed a hippogriff
     4 | D        | Noticed a necrophage
     4 | D        | Noticed a necrophage
     4 | D        | Noticed a necrophage
     4 | D        | Noticed a necrophage
    14 | D        | Killed a necrophage
    14 | D        | Reached skill level 1 in Armour
    14 | D        | Reached skill level 5 in Dodging
    14 | D        | Reached skill level 7 in Stealth
    14 | D        | Reached XP level 2. HP: 8/15 MP: 5/8
    14 | D        | Reached XP level 3. HP: 9/18 MP: 6/10
    14 | D        | Reached XP level 4. HP: 12/22 MP: 6/11
    39 | D        | Killed a necrophage
    39 | D        | Reached skill level 8 in Stealth
    39 | D        | Reached skill level 5 in Spellcasting
    39 | D        | Reached skill level 5 in Hexes
    39 | D        | Reached XP level 5. HP: 9/28 MP: 7/14
    39 | D        | Killed a crocodile
    79 | D        | Killed a necrophage
    79 | D        | Reached skill level 5 in Short Blades
    79 | D        | Reached skill level 9 in Stealth
    90 | D        | Learned a level 3 spell: Confuse
    96 | D        | Killed a necrophage
    96 | D        | Reached XP level 6. HP: 9/33 MP: 2/17
   101 | D        | Learned a level 3 spell: Dazzling Spray
   105 | D        | Learned a level 3 spell: Tukima's Dance
   108 | D        | Learned a level 2 spell: Ensorcelled Hibernation
   316 | D        | Noticed a boulder beetle
   316 | D        | Noticed a boulder beetle
   319 | D        | Noticed a neqoxec
   332 | D        | Killed a neqoxec
   332 | D        | Reached skill level 10 in Stealth
   332 | D        | Reached skill level 1 in Ice Magic
   333 | D        | Noticed a neqoxec
   333 | D        | Noticed a neqoxec
   335 | D        | Noticed a neqoxec
   343 | D        | Killed a neqoxec
   343 | D        | Reached skill level 5 in Fighting
   343 | D        | Reached skill level 1 in Conjurations
   343 | D        | Reached XP level 7. HP: 27/39 MP: 15/19
   349 | D        | Killed a neqoxec
   349 | D        | Reached skill level 11 in Stealth
   352 | D        | Gained mutation: Your body sometimes deteriorates upon taking damage. [a neqoxec]
   353 | D        | Gained mutation: Your body often deteriorates upon taking damage. [a neqoxec]
   361 | D        | Killed a neqoxec
   361 | D        | Reached skill level 10 in Dodging
   382 | D        | Killed Menkaure
   448 | D        | Killed a hippogriff
   459 | D        | Killed a hippogriff
   459 | D        | Reached XP level 8. HP: 44/44 MP: 21/21
   482 | D        | Killed a boulder beetle
   486 | D        | Killed a boulder beetle
   486 | D        | Reached skill level 12 in Stealth
   496 | D        | Noticed an ice statue
   508 | D        | Noticed a flying skull
   508 | D        | Noticed a flying skull
   508 | D        | Noticed a flying skull
   508 | D        | Noticed a flying skull
   508 | D        | Noticed a flying skull
   509 | D        | Noticed a flying skull
   509 | D        | Noticed a flying skull
   509 | D        | Noticed a flying skull
   509 | D        | Noticed a flying skull
   509 | D        | Noticed a flying skull
   510 | D        | Noticed a flying skull
   510 | D        | Noticed a flying skull
   511 | D        | Found Xubeff's Book Shoppe.
   511 | D        | Found Qomu's Distillery.
   513 | D        | Found Menug's Food Shoppe.
   513 | D        | Found Vuph's Distillery.
   537 | D        | Found Womusargh's Book Emporium.
   538 | D        | Found Petuhiff's Antique Armour Emporium.
   538 | D        | Found Meriteyd's Antique Armour Shoppe.
   539 | D        | Found Plog's Book Shoppe.
   539 | D        | Found Jeivathro's Antique Weapon Shoppe.
   540 | D        | Found Wopteusas's Food Shoppe.
   540 | D        | Found Uruosmot's Jewellery Emporium.
   554 | D        | Found Ilumoic's Jewellery Emporium.
   554 | D        | Found Nucvoeju's Gadget Shoppe.
   554 | D        | Noticed an oklob plant
   555 | D        | Found Gusibod's Magic Scroll Shoppe.
   555 | D        | Found Nifuekan's Book Shoppe.
   555 | D        | Found Moippal's Assorted Antiques.
   556 | D        | Noticed a hell hog
   557 | D        | Noticed a hell hog
   560 | D        | Noticed a griffon
   561 | D        | Noticed a griffon
   563 | D        | Noticed a griffon
   597 | D        | Bought a book of Power for 540 gold pieces
   600 | D        | Bought a glowing cloak for 94 gold pieces
   611 | D        | Learned a level 5 spell: Venom Bolt
   618 | D        | Learned a level 6 spell: Iron Shot
   646 | D        | Bought a +2 amulet of reflection for 300 gold pieces
   676 | D        | Found an opulent altar of Gozag.
   677 | D        | Found a roughly hewn altar of Beogh.
   678 | D        | Found a shadowy altar of Dithmenos.
   678 | D        | Found a sacrificial altar of Ru.
   678 | D        | Found a glowing silver altar of Zin.
   679 | D        | Found a viscous altar of Jiyva.
   679 | D        | Found an oddly glowing altar of Pakellas.
   679 | D        | Found an ancient bone altar of Kikubaaqudgha.
   680 | D        | Found a corrupted altar of Lugonu.
   680 | D        | Found a snail-covered altar of Cheibriados.
   680 | D        | Found an iron altar of Okawaru.
   681 | D        | Found a blossoming altar of Fedhas.
   681 | D        | Found a glowing golden altar of the Shining One.
   681 | D        | Found a basalt altar of Yredelemnul.
   682 | D        | Found a radiant altar of Vehumet.
   682 | D        | Found a shimmering altar of Xom.
   682 | D        | Found a deep blue altar of Sif Muna.
   682 | D        | Found a white marble altar of Elyvilon.
   682 | D        | Found a stormy altar of Qazlal.
   682 | D        | Found a sparkling altar of Nemelex Xobeh.
   682 | D        | Noticed a polar bear
   683 | D        | Found a burning altar of Makhleb.
   683 | D        | Found a bloodstained altar of Trog.
   683 | D        | Noticed a yaktaur
   684 | D        | Noticed a polar bear
   692 | D        | Killed a polar bear
   694 | D        | Killed a polar bear
   694 | D        | Reached skill level 1 in Earth Magic
   694 | D        | Reached skill level 1 in Poison Magic
   694 | D        | Reached XP level 9. HP: 49/49 MP: 17/23
   700 | D        | Noticed a polar bear
   709 | D        | Killed a polar bear
   709 | D        | Reached skill level 10 in Spellcasting
   718 | D        | HP: 2/49 [poisoned by a wasp]
   719 | D        | Killed a yaktaur
   719 | D        | Reached skill level 13 in Stealth
   724 | D        | HP: 2/49 [poisoned by a wasp]
   729 | D        | HP: 2/49 [poisoned by a wasp]
   951 | D        | Noticed a death drake
   958 | D        | Became a worshipper of Dithmenos the Shadowed
   970 | D        | Noticed a kraken
  1403 | D        | Killed a kraken
  1403 | D        | Reached skill level 10 in Short Blades
  1403 | D        | Reached skill level 14 in Stealth
  1403 | D        | Reached skill level 1 in Shields
  1403 | D        | Reached XP level 10. HP: 17/55 MP: 14/26
  1628 | D        | Reached * piety under Dithmenos
  1657 | D        | Noticed an obsidian statue
  1690 | D        | Noticed a deep troll
  1691 | D        | Noticed a deep troll
  1694 | D        | Killed a deep troll
  1697 | D        | Killed a deep troll
  1697 | D        | Reached ** piety under Dithmenos
  1759 | D        | Noticed a red draconian shifter
  1760 | D        | Noticed Sonja
  1760 | D        | Noticed a hellephant
  1760 | D        | Noticed a giant orange brain
  1761 | D        | Killed a giant orange brain
  1761 | D        | Reached skill level 5 in Armour
  1774 | D        | Killed Sonja
  1779 | D        | Killed from afar by a hellephant

Vault maps used:
D:        the_violet_keep_of_menkaure

Skill      XL: |  1  2  3  4  5  6  7  8  9 10 |
---------------+-------------------------------+-----
Fighting       | 2 3 4 5 6 7 |  7.5
Short Blades   | 3 4 6 7 8 10 | 10.6
Armour         | 1 2 3 4 5 |  5.1
Dodging        | 5 7 8 9 10 11 12 13 | 13.7
Stealth        | 7 8 9 10 11 12 14 | 14.8
Spellcasting   | 4 5 7 8 9 11 | 11.8
Hexes          | 4 5 6 7 8 9 |  9.2
Ice Magic      | 1 2 3 4 |  4.6
Conjurations   | 1 2 3 4 |  4.2
Earth Magic    | 1 2 3 |  3.5
Poison Magic   | 1 3 4 |  4.3
Shields        | 1 2 |  2.6
Invocations    | 2 |  2.5

Action                   |  1- 3 |  4- 6 |  7- 9 | 10-12 || total
-------------------------+-------+-------+-------+-------++-------
Melee: Dagger            |     7 |    60 |    66 |    10 ||   143
 Cast: Corona            |       |    10 |       |       ||    10
       Confuse           |       |     4 |    11 |       ||    15
       Ensorcelled Hiber |       |     4 |    16 |     8 ||    28
       Dazzling Spray    |       |     1 |    11 |     6 ||    18
  Use: Potion            |     1 |     4 |     4 |     1 ||    10
       Scroll            |       |       |     3 |       ||     3
 Stab: Confused          |       |     4 |    14 |       ||    18
       Invisible         |       |     1 |     3 |     1 ||     5
       Sleeping          |       |       |     8 |     6 ||    14
Armor: Robe              |     1 |     4 |     1 |       ||     6
Dodge: Dodged            |     2 |    43 |    57 |    12 ||   114
Block: Buckler           |       |       |     9 |     7 ||    16
       Reflection        |       |       |       |     1 ||     1
